 Dungeon Crawl Stone Soup version 0.29.1-2-gbd0b4ee654 (webtiles) character file.

Game seed: 2257466416954797224

990 KamiKatze the Conjurer (level 7, -3/36 HPs)
             Began as a Deep Elf Conjurer on Nov 3, 2022.
             Killed by divine providence
             ... invoked by an orc priest
              (13 damage)
             ... on level 5 of the Dungeon.
             The game lasted 00:19:31 (5363 turns).

KamiKatze the Conjurer (Deep Elf Conjurer)          Turns: 5363, Time: 00:19:31

Health: -3/36      AC:  5    Str:  4    XL:     7   Next: 98%
Magic:  14/18      EV: 12    Int: 25    God:
Gold:   159        SH:  0    Dex: 13    Spells: 4/19 levels left

rFire   . . .      SeeInvis .   n - +2 dagger (elec)
rCold   . . .      Faith    .   (no shield)
rNeg    . . .      Spirit   .   j - +2 robe
rPois   .          Reflect  .   (no helmet)
rElec   .          Harm     .   l - +0 cloak
rCorr   .          Rampage  .   (no gloves)
Will    .....                   (no boots)
Stlth   ++........              (no amulet)
HPRegen 0.12/turn               (no ring)
MPRegen 0.16/turn               (no ring)

@: marked
A: no striking features
a: no special abilities


You were on level 5 of the Dungeon.
You visited 1 branch of the dungeon, and saw 5 of its levels.

You collected 236 gold pieces.
You spent 77 gold pieces at shops.

Inventory:

Hand Weapons
 n - a +2 dagger of electrocution (weapon)
Missiles
 f - 17 poisoned darts (quivered)
Armour
 j - a +2 robe (worn)
 l - a +0 cloak (worn)
Jewellery
 v - the ring of Xaut {rF+ rC- rCorr Str+4}
   (You found it on level 4 of the Dungeon)

   [ring of resist corrosion]

   Str:       It affects your strength (+4).
   rF:        It protects you from fire.
   rC:        It makes you vulnerable to cold.
   rCorr:     It protects you from acid and corrosion.
 x - a ring of fire
Scrolls
 c - 2 scrolls of teleportation
 d - a scroll of vulnerability {unknown}
 e - a scroll of identify {unknown}
 i - a scroll of amnesia
 p - a scroll of torment {unknown}
 q - a scroll of poison {unknown}
 r - a scroll of immolation {unknown}
 t - a scroll of enchant armour {unknown}
 u - a scroll of butterflies {unknown}
Potions
 a - a potion of attraction {unknown}
 b - a potion of magic
 g - 2 potions of brilliance {unknown}
 h - a potion of lignification {unknown}
 k - a potion of berserk rage {unknown}
 m - a potion of curing {unknown}
 o - 2 potions of flight {unknown}
 s - 2 potions of haste {unknown}
 w - a potion of cancellation {unknown}


   Skills:
 - Level 3.0 Dodging
 - Level 3.0 Stealth
 * Level 6.5 Spellcasting
 * Level 6.6 Conjurations
 * Level 5.5 Hexes
 * Level 4.6 Translocations


You had 4 spell levels left.
You knew the following spells:

 Your Spells              Type           Power      Damage    Failure   Level
a - Magic Dart            Conj           100%       1d8       1%          1
b - Searing Ray           Conj           82%        2d7       1%          2
c - Fulminant Prism       Conj/Hex       19%        3d11      5%          4
d - Iskenderun's Mystic   Conj/Tloc      36%        2d9       7%          4
m - Mephitic Cloud        Conj/Pois/Air  19%        N/A       9%          3
q - Apportation           Tloc           62%        N/A       1%          1

Your spell library contained the following spells:

 Spells                   Type           Power      Damage    Failure   Level
 Dazzling Flash           Conj/Hex       76%        N/A       1%          3
 Static Discharge         Conj/Air       24%        3-6/arc   2%          2
 Necrotise                Necr           32%        1d5       7%          1
 Summon Small Mammal      Summ           32%        N/A       7%          1
 Call Imp                 Summ           8%         N/A       11%         2
 Lightning Bolt           Conj/Air       12%        1d25      45%         5
 Maxwell's Capacitive Co  Air            4%         ∞         100%        8


Dungeon Overview and Level Annotations

Branches:
Dungeon (5/15)
 Temple: D:4-7

Altars:
Wu Jian
Xom

Shops:
D:2 ?

Annotations:
D:1 fly?
D:4 Eustachio, Pikel


Message History

You finish memorising.
Spell assigned to 'e'.
Adjust (i)tems, (s)pells, or (a)bilities?
Adjust which spell? e - Mephitic Cloud Adjust to which letter? m - Mephitic Cloud
There is an open door here.
Found a stone staircase leading down.
Found a spear.
There is a stone staircase leading down here.
x - a ring of fire A sourceless malevolence fills the Dungeon...
With a horrendous wail, an alarm goes off!
A sentinel's mark forms upon you.
You hear a shout! x2; You hear an angry growl.
You hear a shout!
You hear a bark!
You hear a shout! x6; You hear a bark!
A hound comes into view.
The orc priest calls down the wrath of Beogh upon you.
Pain shoots through your body!
The orc priest calls down the wrath of Beogh upon you.
Beogh smites you!
Casting: Magic Dart (safe; 1% risk of failure)
Confirm with . or Enter, or press ? or * to list all spells.
The spell is quite dangerous to miscast (7% risk of failure)!
Continue anyway?
You erupt in a blast of force!
The mystic blast hits the hound.
The hound is lightly wounded.
The hound bites you but does no damage. x2
Unknown command.
Casting: Iskenderun's Mystic Blast (quite dangerous; 7% risk of failure)
Confirm with . or Enter, or press ? or * to list all spells.
The spell is quite dangerous to miscast (5% risk of failure)!
Continue anyway?
Okay, then.
The hound attacks as you move away! The hound closely misses you.
The orc priest mumbles some strange prayers to Beogh against you.
Pain shoots through your body!
* * * LOW HITPOINT WARNING * * *
Unknown command.
The orc priest invokes the aid of Beogh against you.
Beogh smites you!
You die...

## .# .#########
.........#
.........#
.........#########
...............h>#
..........)..###@#
#########....# #.#
#....# #.# #....#
#o# #...# #....#
#.# #...# #....#
#.# #...# ######
#.# #...# #.#
#...# #####.#


You could see a hound and an orc priest.

Vanquished Creatures
  Grinder (D:4)
  A black bear (D:4)
  An ice beast (D:5)
  3 lemures (D:4)
  A phantom (D:5)
  Blork the orc (D:4)
  A jelly (D:4)
  2 hounds (D:4)
  An iguana (D:4)
  Crazy Yiuf (D:2)
  Jessica (D:2)
  4 orc wizards
  12 adders
  An ufetubus (D:5)
  3 dart slugs
  17 orcs
  4 ball pythons
  7 endoplasms
  4 giant cockroaches
  7 goblins
  3 hobgoblins
  3 jackals (D:5)
  4 quokkas
  3 bats
  5 frilled lizards
  10 kobolds
  4 rats
105 creatures vanquished.

Vanquished Creatures (others)
  2 fulminant prisms (D:5)
  7 fungi
  A plant (D:3)
10 creatures vanquished.

Grand Total: 115 creatures vanquished

Notes
Turn   | Place    | Note
-------+----------+-------------------------------------------
     0 | D:1      | KamiKatze the Deep Elf Conjurer began the quest for the
                  | Orb.
     0 | D:1      | Reached XP level 1. HP: 10/10 MP: 6/6
   378 | D:1      | Reached XP level 2. HP: 15/15 MP: 5/8
   381 | D:1      | Learned a level 2 spell: Searing Ray
   698 | D:1      | Reached skill level 1 in Hexes
   963 | D:2      | Reached skill level 1 in Translocations
   963 | D:2      | Reached XP level 3. HP: 19/19 MP: 3/9
   965 | D:2      | Learned a level 1 spell: Apportation
  1030 | D:2      | Found Ziterurch's Magic Scroll Boutique.
  1036 | D:2      | Bought a scroll of amnesia for 44 gold pieces
  1036 | D:2      | Bought a scroll of teleportation for 33 gold pieces
  1079 | D:2      | Noticed Jessica
  1084 | D:2      | Killed Jessica
  1286 | D:2      | Reached XP level 4. HP: 24/24 MP: 5/11
  1459 | D:2      | Found an ornate altar of the Wu Jian Council.
  1513 | D:2      | Learned a level 4 spell: Fulminant Prism
  1513 | D:2      | Found a runed translucent door.
  1514 | D:2      | Noticed Crazy Yiuf
  1522 | D:2      | Killed Crazy Yiuf
  1692 | D:2      | Reached skill level 5 in Conjurations
  2124 | D:3      | Reached XP level 5. HP: 23/28 MP: 10/13
  2271 | D:3      | Found a faded altar of an unknown god.
  2825 | D:4      | Found a shimmering altar of Xom.
  3204 | D:4      | Reached XP level 6. HP: 32/32 MP: 9/15
  3320 | D:4      | Noticed Blork the orc
  3328 | D:4      | Killed Blork the orc
  3329 | D:4      | Reached skill level 5 in Spellcasting
  3393 | D:4      | Noticed Eustachio
  3447 | D:4      | Learned a level 4 spell: Iskenderun's Mystic Blast
  3580 | D:4      | Identified the ring of Xaut {rF+ rC- rCorr Str+4}
  3793 | D:4      | Noticed Grinder
  3805 | D:4      | Killed Grinder
  3806 | D:4      | Reached XP level 7. HP: 33/36 MP: 4/17
  3927 | D:4      | Noticed Pikel
  4433 | D:5      | Entered Level 5 of the Dungeon
  4805 | D:5      | Reached skill level 5 in Hexes
  5287 | D:5      | Learned a level 3 spell: Mephitic Cloud
  5363 | D:5      | Killed from afar by an orc priest

Illustrated notes

Levels and vault maps discovered:
D:1:      dpeg_cavernosity, layout_basic
D:2:      layout_loops_corners, basic_altar, serial_shops, shop,
          uniq_crazy_yiuf_cottage, uniq_jessica
D:3:      layout_basic, dreamdust_ecumenical_altar_grove
D:4:      layout_basic, xom_teletrap_fun, uniq_blork_the_orc, uniq_grinder,
          uniq_eustachio, uniq_pikel
D:5:      layout_basic, serial_shops, kennysheep_mini_moat

Skill      XL: |  1  2  3  4  5  6  7 |
---------------+----------------------+-----
Hexes          | 1 2 3 4 5 |  5.5
Stealth        | 3 |  3.0
Translocations | 1 2 3 4 |  4.6
Dodging        | 3 |  3.0
Spellcasting   | 4 5 6 |  6.5
Conjurations   | 5 6 |  6.6

Action                   |  1- 3 |  4- 6 |  7- 9 || total
-------------------------+-------+-------+-------++-------
Melee: Dagger            |     6 |    18 |     3 ||    27
       Unarmed           |     1 |       |       ||     1
       Punch             |       |     1 |       ||     1
 Cast: Magic Dart        |    45 |    65 |    23 ||   133
       Searing Ray       |     2 |    19 |    11 ||    32
       Iskenderun's Myst |       |       |     5 ||     5
       Fulminant Prism   |       |       |     2 ||     2
  Use: Scroll            |       |       |     1 ||     1
 Stab: Sleeping          |     2 |       |       ||     2
Armor: Robe              |     2 |     6 |    11 ||    19
Dodge: Dodged            |     3 |    17 |    31 ||    51
